 Dungeon Sprint DCSS version 0.30.1-11-g7821555f0a (webtiles) character file.

Game seed: 13075511134184579341

50 Heoruswealwe the Insei (level 3, -1/29 HPs)
             Began as a Gnoll Transmuter on Nov 1, 2023.
             Drowned by a water elemental (6 damage)
             ... in the Dungeon (Sprint III: "The Ten Rune Challenge").
             The game lasted 00:02:35 (152 turns).

Heoruswealwe the Insei (Gnoll Transmuter)            Turns: 152, Time: 00:02:35

Health: -1/29      AC:  2    Str: 11    XL:     3   Next: 79%
Magic:  10/10      EV: 13    Int: 12    God:
Gold:   21         SH:  0    Dex: 12    Spells: 7/13 levels left

rFire   . .          .
                       - Unarmed
rCold   . . .        (no shield)
rNeg    . . .        j - +0 robe
rPois   .            (helmet currently unavailable)
rElec   .            (no cloak)
rCorr   .            (no gloves)
SInv    .            (boots currently unavailable)
Will    .....        (no amulet)
Stlth   ++           (no ring)
HPRegen 0.24/turn    (no ring)
MPRegen 0.12/turn

%: no teleportation
@: appendages (expiring), engulfed (cannot breathe)
A: horns 2, talons 2, fangs 1, strong nose, distributed training
a: End Transformation


You were in the Dungeon.
You had temporarily grown beastly horns and talons.
You visited 1 branch You collected 21 gold pieces.

Inventory:

Armour
 c - a +0 robe
 j - a +0 robe (worn)
Scrolls
 h - a scroll of blinking
 i - 2 scrolls of identify {unknown}
 m - 2 scrolls of immolation {unknown}
 o - a scroll of poison {unknown}
Potions
 a - 2 potions of curing
 b - a potion of lignification
 d - a potion of heal wounds
 e - a potion of haste
 f - 2 potions of magic
 g - a potion of berserk rage
 k - 2 potions of cancellation {unknown}
 l - 2 potions of mutation {unknown}
 n - 2 potions of flight
 p - 2 potions of attraction {unknown}


   Skills:
 + Level 3.5 Fighting
 + Level 2.3 Short Blades
 + Level 2.3 Long Blades
 + Level 2.3 Axes
 + Level 2.3 Maces & Flails
 + Level 2.3 Polearms
 + Level 2.3 Staves
 + Level 2.3 Ranged Weapons
 + Level 2.3 Throwing
 + Level 2.3 Armour
 + Level 5.1 Dodging
 + Level 2.3 Stealth
 + Level 2.3 Shields
 + Level 7.0 Unarmed Combat
 + Level 5.5 Spellcasting
 + Level 1.9 Conjurations
 + Level 1.9 Hexes
 + Level 1.9 Summonings
 + Level 1.9 Necromancy
 + Level 1.9 Translocations
 + Level 4.2 Transmutations
 + Level 1.9 Fire Magic
 + Level 1.9 Ice Magic
 + Level 1.9 Air Magic
 + Level 1.9 Earth Magic
 + Level 1.9 Poison Magic
 + Level 2.5 Invocations
 + Level 2.3 Evocations


You had 7 spell levels left.
You knew the following spells:

 Your Spells              Type           Power      Damage    Failure   Level
a - Beastly Appendage     Tmut           26%        N/A       3%          1
b - Wereblood             Tmut           13%        N/A       4%          2
c - Spider Form           Tmut/Pois      10%        N/A       16%         3

Your spell library contained the following spells:

 Spells                   Type           Power      Damage    Failure   Level
 Ice Form                 Ice/Tmut       10%        N/A       47%         4


Dungeon Overview and Level Annotations

Branches:
Dungeon (1/1)

Altars:


Innate Abilities, Weirdness & Mutations

You have temporarily grown beastly horns and talons.
You have very sharp teeth.
Your uncanny sense of smell can sniff out nearby items.
Your experience applies equally to all skills.


Message History

Casting: Beastly Appendage (safe; 3% risk of failure)
Confirm with . or Enter, or press ? or * to list all spells.
You grow a pair of large bovine horns.
Your feet morph into talons.
You open the door.
A water elemental comes into view.
There is an open door to the Ecumenical Temple here.
The helpless water elemental fails to defend itself.
You hit the water elemental. Your kick misses the water elemental.
You headbutt the water elemental!
The water elemental is moderately damaged.
The water elemental barely misses you.
You hit the water elemental.
The water elemental is heavily damaged.
The water elemental barely misses you.
You barely miss the water elemental.
The water elemental is heavily damaged.
The water elemental barely misses you.
You barely miss the water elemental. You headbutt the water elemental!
The water elemental is severely damaged.
Your transformation is almost over.
The water elemental hits you.
The water elemental engulfs you in water!
You hit the water elemental.
You claw the water elemental, but do no damage.
The water elemental is severely damaged.
Your lungs strain for air!
The water elemental hits you!
You barely miss the water elemental. You headbutt the water elemental.
Your bite misses the water elemental.
The water elemental is severely damaged.
Your lungs strain for air!
You barely miss the water elemental. You claw the water elemental.
Your headbutt misses the water elemental.
The water elemental is almost destroyed.
* * * LOW HITPOINT WARNING * * *
Your lungs strain for air!
The water elemental barely misses you.
You hit the water elemental but do no damage.
The water elemental is almost destroyed.
You die...

▓▓▓▓▓▓ ▓▓▓ .#...####
##.# .#......#####..# ∆
##.....).#..#..#∆ ∆
.##.##...#..#..###+#+###
.##.###..##'#..#........
####.##..###...'.⌠......
##..##..####...#@..####
....##..###....#.E.#
#†.##...##.....#...#∆
..##....#......#+###
.###..##.#.....# ∆∆ .#
#..#####....# ▓▓ ▓▓▓▓
▓▓▓▓▓▓


You could see a water elemental.

Vanquished Creatures
  Jessica (D)
  A human (D)
  A phantom (D)
  An endoplasm (D)
  A rat (D)
5 creatures vanquished.

Notes
Turn   | Place    | Note
-------+----------+-------------------------------------------
     0 | D        | Heoruswealwe the Gnoll Transmuter began the quest for the
                  | Orb.
     0 | D        | Reached XP level 1. HP: 17/17 MP: 6/6
    32 | D        | Noticed Jessica
    37 | D        | Killed Jessica
    38 | D        | Reached skill level 1 in Short Blades
    38 | D        | Reached skill level 1 in Long Blades
    38 | D        | Reached skill level 1 in Axes
    38 | D        | Reached skill level 1 in Maces & Flails
    38 | D        | Reached skill level 1 in Polearms
    38 | D        | Reached skill level 1 in Staves
    38 | D        | Reached skill level 1 in Ranged Weapons
    38 | D        | Reached skill level 1 in Throwing
    38 | D        | Reached skill level 1 in Armour
    38 | D        | Reached skill level 1 in Stealth
    38 | D        | Reached skill level 1 in Shields
    38 | D        | Reached skill level 5 in Spellcasting
    38 | D        | Reached skill level 1 in Conjurations
    38 | D        | Reached skill level 1 in Hexes
    38 | D        | Reached skill level 1 in Summonings
    38 | D        | Reached skill level 1 in Necromancy
    38 | D        | Reached skill level 1 in Translocations
    38 | D        | Reached skill level 1 in Fire Magic
    38 | D        | Reached skill level 1 in Ice Magic
    38 | D        | Reached skill level 1 in Air Magic
    38 | D        | Reached skill level 1 in Earth Magic
    38 | D        | Reached skill level 1 in Poison Magic
    38 | D        | Reached skill level 1 in Evocations
    38 | D        | Reached XP level 2. HP: 21/24 MP: 6/8
    38 | D        | Reached XP level 3. HP: 25/29 MP: 6/9
    66 | D        | Learned a level 2 spell: Wereblood
    70 | D        | Learned a level 3 spell: Spider Form
    92 | D        | Reached skill level 5 in Dodging
    96 | D        | Reached skill level 7 in Unarmed Combat
   142 | D        | Noticed a water elemental
   152 | D        | Drowned by a water elemental

Illustrated notes

Levels and vault maps discovered:
D:        dungeon_sprint_mu [sprint_mu_entry_cave, sprint_mu_temple_rooms,
          sprint_mu_d1_spiders, sprint_mu_d2_genie, sprint_mu_d3_branching,
          sprint_mu_orc_legion, sprint_mu_elf_gauntlet, sprint_mu_hive_nellie,
          sprint_mu_lair_fedhas, sprint_mu_vaults_butterflies,
          sprint_mu_slime_circle, sprint_mu_swamp_cave, sprint_mu_snake_twists,
          sprint_mu_blade_basic, sprint_mu_crypt_chambers,
          sprint_mu_tomb_spiral, sprint_mu_vestibule_basic,
          sprint_mu_gehenna_hellfire, sprint_mu_dis_giant,
          sprint_mu_tartarus_statrot, sprint_mu_cocytus_islands, sprint_mu_zot1]

Skill      XL: |  1  2  3 |
---------------+----------+-----
Fighting       | 3 |  3.5
Short Blades   | 1 2 |  2.3
Long Blades    | 1 2 |  2.3
Axes           | 1 2 |  2.3
Maces & Flails | 1 2 |  2.3
Polearms       | 1 2 |  2.3
Staves         | 1 2 |  2.3
Ranged Weapons | 1 2 |  2.3
Throwing       | 1 2 |  2.3
Armour         | 1 2 |  2.3
Stealth        | 1 2 |  2.3
Shields        | 1 2 |  2.3
Spellcasting   | 5 |  5.5
Conjurations   | 1 |  1.9
Hexes          | 1 |  1.9
Summonings     | 1 |  1.9
Necromancy     | 1 |  1.9
Translocations | 1 |  1.9
Transmutations | 4 |  4.2
Fire Magic     | 1 |  1.9
Ice Magic      | 1 |  1.9
Air Magic      | 1 |  1.9
Earth Magic    | 1 |  1.9
Poison Magic   | 1 |  1.9
Invocations    | 2 |  2.5
Evocations     | 1 2 |  2.3
Dodging        | 5 |  5.1
Unarmed Combat | 7 |  7.0

Action                     || total
---------------------------++-------
  Melee: Unarmed           ||    29
         Kick              ||     5
         Headbutt          ||     3
         Bite              ||     2
   Cast: Beastly Appendage ||     3
   Stab: Sleeping          ||     1
  Dodge: Dodged            ||    14
